 Dungeon Crawl Stone Soup version 0.31-a0-940-gdaa99269f9 (console) character file.

Game seed: 8780078775480916083

20 petzl the Sneak (level 3, -6/26 (29) HPs)
             Began as a Formicid Delver on Oct 20, 2023.
             Mangled by a sleepcap (14 damage)
             ... on level 6 of the Dungeon.
             The game lasted 00:02:54 (276 turns).

petzl the Sneak (Formicid Delver)                    Turns: 276, Time: 00:02:55

HP:   -6/26 (29)    AC:  3    Str: 16    XL:     3   Next: 0%
MP:   4/6           EV:  2    Int: 11    God:
Gold: 38            SH:  0    Dex: 15    Spells: 6/6 levels left

rFire   . . .        m - +0 dagger (drain) {!f =f}
rCold   . . .        (no shield)
rNeg    . . .        b - +0 leather armour
rPois   .            (helmet unavailable)
rElec   .            (no cloak)
rCorr   .            (no gloves)
SInv    +            (no boots)
Will    .....        (no amulet)
Stlth   +++          j - +5 ring of evasion
HPRegen 0.24/turn    (no ring)
MPRegen 0.10/turn

%: no passive effects
@: sleeping, heavily drained
A: permanent stasis, dig shafts and tunnels, antennae 3, four strong arms
a: Dig, Shaft Self


You were on level 6 of the Dungeon.
You visited 1 branch of the dungeon, and saw 3 of its levels.

You collected 38 gold pieces.

Inventory:

Hand Weapons
 a - a +0 mace
 l - a +0 flail
 m - a +0 dagger of draining (weapon) {!f =f}
Missiles
 i - a stone (quivered)
Armour
 b - a +0 leather armour (worn)
Jewellery
 j - a +5 ring of evasion (left hand)
Wands
 f - a wand of digging (3)
 g - a wand of acid (3)
Scrolls
 c - a scroll of fog
 d - a scroll of revelation
 e - a scroll of fear
 h - a scroll of enchant armour {unknown}
Potions
 k - a potion of curing {unknown}


   Skills:
 - Level 3.3 Fighting
 - Level 2.1 Maces & Flails
 - Level 1.8 Dodging
 - Level 6.0 Stealth
 + Level 2.0 Spellcasting


You had 6 spell levels left.
You didn't know any spells.
Your spell library was empty.

Dungeon Overview and Level Annotations

Branches:
Dungeon (7/15)
 Temple: D:4-7

Altars:

Annotations:
D:5 exclusion: 2 downstairs


Innate Abilities, Weirdness & Mutations

You cannot be hasted, slowed, berserked, paralysed or teleported.
You can dig through walls and to a lower floor.
You have a pair of large antennae on your head. (SInv)
Your four strong arms can wield two-handed weapons with a shield.


Message History

The shadow imp is severely wounded.
The shadow imp misses you. The shadow imp hits you.
You hit the shadow imp but do no damage.
The shadow imp is heavily wounded.
The shadow imp completely misses you.
You sock the shadow imp!
You kill the shadow imp!
Your Spellcasting skill increases to level 2!
You have reached level 3!
Your experience leads to an increase in your attributes!
Increase (S)trength, (I)ntelligence, or (D)exterity?
You feel clever. x2
Unknown command.
Unknown command.
You sense an unholy aura.
m - a +0 dagger of draining (weapon)
{!f =f} The sleepcap releases spores at you.
You hit the sleepcap but do no damage. You drain the sleepcap.
The sleepcap is lightly damaged.
The sleepcap closely misses you.
You hit the sleepcap but do no damage.
The sleepcap is lightly damaged.
The sleepcap barely misses you.
You completely miss the sleepcap.
The sleepcap is lightly damaged.
The sleepcap misses you.
You hit the sleepcap but do no damage.
The sleepcap is lightly damaged.
The sleepcap misses you.
You hit the sleepcap.
The sleepcap is lightly damaged.
The sleepcap barely misses you.
You hit the sleepcap but do no damage.
The sleepcap is lightly damaged.
The sleepcap releases spores at you.
You are engulfed in a cloud of soporific spores!
You fall asleep.
The sleepcap releases spores at you!
Ouch! That really hurt!
You die...

.. ##. # #. .......
.. { . ...######.. ##
#. .......#. .. ...
#.##....... ... ....
.......... ....
.....####....#.##....
#............#.#.....
.............)...###
#....#####...>.....#
### #.........#
#...<.....#
####......# #......#
#......# ##f.....#
#@####### ###


You could see a sleepcap (very drained).

Vanquished Creatures
  A shadow imp (D:6)
  A dart slug (D:5)
  4 orcs
  A quokka (D:5)
7 creatures vanquished.

Notes
Turn   | Place    | Note
-------+----------+-------------------------------------------
     0 | D:5      | petzl the Formicid Delver began the quest for the Orb.
     0 | D:5      | Reached XP level 1. HP: 18/18 MP: 1/1
    21 | D:5      | Noticed a jelly
    56 | D:6      | Noticed a bullfrog
    57 | D:6      | Noticed an iguana
    57 | D:6      | Noticed an ogre
    84 | D:6      | Noticed an orc priest
    84 | D:6      | Noticed a hound
    91 | D:6      | Noticed an orc priest
   148 | D:5      | Reached XP level 2. HP: 24/24 MP: 1/3
   184 | D:7      | Reached skill level 1 in Spellcasting
   269 | D:6      | Reached XP level 3. HP: 12/26 MP: 4/6
   276 | D:6      | Mangled by a sleepcap

Illustrated notes

Levels and vault maps discovered:
D:5:      layout_gridville, serial_bayou_crossing
D:6:      layout_rooms, uniq_pikel
D:7:      minmay_the_grid_triangle_9x9_rhombus_thin
          [minmay_the_grid_triangle_9x9_longest,
          minmay_the_grid_triangle_9x9_prize_center,
          minmay_the_grid_triangle_9x9_subtriangle,
          minmay_the_grid_triangle_9x9_pentomino_pain], layout_gridville,
          mainiacjoe_overflow_alcove_4, temple_hall, minmay_fire_ice_demons

Skill      XL: |  1  2 |
---------------+-------+-----
Spellcasting   | 2 |  2.0
Fighting       | |  3.3
Maces & Flails | |  2.1
Dodging        | |  1.8
Stealth        | |  6.0

Action                     || total
---------------------------++-------
  Melee: Mace              ||     7
         Flail             ||    15
         Dagger            ||    13
         Punch             ||     1
  Throw: Stone             ||     2
Ability: Dig               ||     1
   Stab: Sleeping          ||     1
 Armour: Leather armour    ||    11
  Dodge: Dodged            ||    39

Table legend: (Time is in decaauts)
 A = Elapsed time spent in this place.
 B = Non-inter-level travel time spent in this place.
 C = Inter-level travel time spent in this place.
 D = Time resting spent in this place.
 E = Time spent auto-exploring this place.
 F = Levels seen in this place.
 G = Mean time per level.
                   A        B        C        D        E       F      G
               +--------+--------+--------+--------+--------+-----+--------+
         Total |    282 |    282 |      0 |      5 |     16 |   3 |   94.0 |
       Dungeon |    282 |    282 |      0 |      5 |     16 |   3 |   94.0 |
               +--------+--------+--------+--------+--------+-----+--------+

Top non-repeatable levels by time:
     D:5: 118 daAuts
     D:6: 104 daAuts
     D:7: 59 daAuts
